 Dungeon Crawl Stone Soup version 0.18.1-8-gdd0e5ea (webtiles) character file.

245 M4edhros the Ducker (level 6, -1/48 HPs)
             Began as a Formicid Hunter on June 4, 2016.
             Killed from afar by an orc wizard (6 damage)
             ... with a magic dart
             ... on level 3 of the Dungeon.
             The game lasted 00:02:48 (1925 turns).

M4edhros the Ducker (Formicid Hunter)               Turns: 1925, Time: 00:02:48

Health: -1/48      AC: 14    Str: 17    XL:     6   Next: 32%
Magic:  6/6        EV:  7    Int: 10    God:
Gold:   117        SH:  5    Dex: 13    Spells: 0 memorised, 5 levels left

rFire  . . .     SeeInvis +     a - +1 hand crossbow
rCold  . . .     Gourm    .     y - +3 chain mail
rNeg   . . .     Faith    .     k - +2 buckler
rPois  +         Spirit   .     (helmet unavailable)
rElec  .         Dismiss  .     (no cloak)
rCorr  .         Reflect  .     (no gloves)
SustAt .         Harm     .     p - +2 pair of boots
MR     .....                    (no amulet)
Stlth  ..........               D - ring of poison resistance
                                z - ring of flight

@: flying, not resistant to hostile enchantments, extremely unstealthy
A: permanent stasis, dig shafts and tunnels, four strong arms, antennae 3
a: Dig, Shaft Self


You were on level 3 of the Dungeon.
You were not hungry.

You visited 1 branch of the dungeon, and saw 5 of its levels.

You collected 117 gold pieces.

Inventory:

Hand Weapons
 a - a +1 hand crossbow (weapon)
 b - a +0 short sword
 j - a +0 spear
 v - a +0 long sword of holy wrath
Missiles
 d - 46 bolts (quivered)
Armour
 c - a +0 leather armour
 k - a +2 buckler (worn)
 o - a +0 ring mail
 p - a +2 pair of boots (worn)
 y - a +3 chain mail (worn)
Jewellery
 z - a ring of flight (left hand)
 D - a ring of poison resistance (right hand)
Scrolls
 e - a scroll of enchant weapon {unknown}
 g - 2 scrolls of noise {unknown}
 l - 2 scrolls of enchant armour {unknown}
 m - 4 scrolls of identify {unknown}
 r - a scroll of recharging {unknown}
 t - a scroll of fear {unknown}
 w - 2 scrolls of remove curse {unknown}
 x - a scroll of immolation {unknown}
 B - a scroll of teleportation {unknown}
Potions
 i - 2 potions of brilliance
 q - a potion of agility
 s - a potion of mutation {unknown}
 A - a potion of flight
 C - a potion of invisibility {unknown}
Comestibles
 f - a bread ration
 h - 2 meat rations
 n - 2 beef jerkies
 u - a slice of pizza
 E - a chunk of flesh


   Skills:
 + Level 3.9 Fighting
 - Level 4.0 Crossbows
 * Level 4.1 Dodging
 + Level 3.7 Stealth


You had 5 spell levels left.
You didn't know any spells.

Dungeon Overview and Level Annotations

Branches:
Dungeon (5/15)
 Temple: D:4-7

Altars:
Pakellas
Ru

Annotations:
D:3 Sigmund


Innate Abilities, Weirdness & Mutations

You are under a permanent stasis effect.
You can dig through walls and to a lower floor.
Your four strong arms can wield two-handed weapons with a shield.
You have a pair of large antennae on your head (SInv).


Message History

You block the orc wizard's attack.
Firing (i - inventory):
d - 47 bolts (quivered)
Press: ? - help, Shift-Dir - straight line, f - orc wizard
Aim: an orc wizard, wielding a dagger and wearing a robe You shoot a bolt.
The bolt barely misses the orc wizard.
The bolt hits Sigmund!
Sigmund is moderately wounded.
The orc wizard casts a spell at you. The magic dart hits you!
* * * LOW HITPOINT WARNING * * *
Firing (i - inventory):
d - 46 bolts (quivered)
Press: ? - help, Shift-Dir - straight line, f/p - orc wizard
Aim: an orc wizard, wielding a dagger and wearing a robe
Okay, then.
Drink which item? (? for menu, Esc to quit)
It was a potion of flight.
You feel very buoyant.
You fly up into the air.
The orc wizard points at you and mumbles some strange words.
The magic dart hits you!
You die...

.######.#
........#
.######.#
##### #..
#...## ###
#..!< # ...
########
#.#
........
#@#
########
#o# #####
#@# #....
#.# #.##.
#(#
####.##.
#.#
#.......
#.#
#.##.###
#..
####.##.###
...........


You could see Sigmund and an orc wizard.

Vanquished Creatures
  An ogre (D:4)
  A scorpion (D:4)
  A hound (D:4)
  Terence (D:2)
  2 adders
  A worm (D:4)
  A dart slug (D:1)
  A giant gecko (D:4)
  An orc (D:4)
  A bat (D:1)
  2 giant cockroaches
  4 goblins
  6 hobgoblins
  A giant newt (D:4)
  3 kobolds (D:1)
  5 rats
32 creatures vanquished.

Vanquished Creatures (others)
  An ice dragon (D:4)
1 creature vanquished.

Grand Total: 33 creatures vanquished

Notes
Turn   | Place    | Note
--------------------------------------------------------------
     0 | D:1      | M4edhros the Formicid Hunter began the quest for the Orb.
     0 | D:1      | Reached XP level 1. HP: 16/16 MP: 1/1
    62 | D:1      | Reached XP level 2. HP: 23/23 MP: 2/2
   636 | D:2      | Noticed Terence
   649 | D:2      | Killed Terence
   649 | D:2      | Reached XP level 3. HP: 20/28 MP: 3/3
   970 | D:3      | Found a sacrificial altar of Ru.
  1078 | D:3      | Reached XP level 4. HP: 34/34 MP: 4/4
  1194 | D:4      | Reached XP level 5. HP: 38/41 MP: 5/5
  1352 | D:4      | Found an oddly glowing altar of Pakellas.
  1422 | D:4      | Found an oddly glowing altar of Pakellas.
  1422 | D:4      | Noticed an ice dragon
  1452 | D:4      | Killed an ice dragon
  1461 | D:4      | Noticed an ogre
  1466 | D:5      | Entered Level 5 of the Dungeon
  1678 | D:4      | Killed an ogre
  1678 | D:4      | Reached XP level 6. HP: 28/48 MP: 6/6
  1922 | D:3      | Noticed Sigmund
  1925 | D:3      | Killed from afar by an orc wizard

Skill      XL: |  1  2  3  4  5 |
---------------+----------------+-----
Dodging        | 2 3 4 |  4.1
Stealth        | 2 3 |  3.7
Fighting       | 3 |  3.9
Crossbows      | |  4.0

Action                   |  1- 3 |  4- 6 || total
-------------------------+-------+-------++-------
Melee: Spear             |    24 |       ||    24
       Long sword        |     2 |    71 ||    73
 Fire: Hand crossbow     |    19 |     1 ||    20
  Use: Potion            |       |     4 ||     4
 Stab: Sleeping          |     2 |       ||     2
  Eat: Chunk             |       |     3 ||     3
Armor: Leather armour    |     3 |       ||     3
       Ring mail         |     1 |     4 ||     5
       Chain mail        |       |    45 ||    45
       Skin              |       |     3 ||     3
Dodge: Dodged            |    13 |    33 ||    46
Block: Buckler           |     2 |    20 ||    22
